 Dungeon Crawl Stone Soup version 0.27.1-3-gb3d3a73c9e (webtiles) character file.

Game seed: 9876491238987627558

3252 Kinoniko the Basher (level 9, -3/126 HPs)
             Began as an Ogre Berserker on Oct 6, 2021.
             Was a Priest of Trog.
             Killed from afar by Erica (26 damage)
             ... with a lance of force
             ... on level 8 of the Dungeon.
             The game lasted 00:06:20 (8126 turns).

Kinoniko the Basher (Ogre Berserker)                Turns: 8126, Time: 00:06:21

Health: -3/126     AC:  6    Str: 26    XL:     9   Next: 99%
Magic:  9/9        EV: 10    Int:  8    God:    Trog [***...]
Gold:   216        SH:  0    Dex:  8    Spells: 8/8 levels left

rFire    + . .     SeeInvis .   o - +3 whip (venom)
rCold    . . .     Faith    .   (no shield)
rNeg     . . .     Spirit   .   v - +0 steam dragon scales
rPois    .         Reflect  .   (helmet restricted)
rElec    .         Harm     .   (no cloak)
rCorr    .         Rampage  .   (gloves unavailable)
Will     +....                  (boots unavailable)
Stlth    ..........             (no amulet)
HPRegen  0.31/turn              f - ring of willpower
MPRegen  0.11/turn              g - ring of protection from fire

@: berserking (expiring), lethally poisoned (-3 -> -6), very quick
A: large, unfitting armour, tough skin 1
a: Renounce Religion, Berserk, Trog's Hand


You were on level 8 of the Dungeon.
You worshipped Trog.
Trog was most pleased with you.
You visited 2 branches of the dungeon, and saw 9 of its levels.
You also visited: Bailey.

You collected 333 gold pieces.
You spent 117 gold pieces at shops.

Inventory:

Hand Weapons
 a - a +0 mace
 h - a +3 vorpal flail
 m - a +0 whip of freezing
 o - a +3 whip of venom (weapon)
Missiles
 w - a throwing net (quivered)
Armour
 b - a +1 animal skin
 v - +0 steam dragon scales (worn)
Jewellery
 f - a ring of willpower (left hand)
 g - a ring of protection from fire (right hand)
Wands
 e - a wand of flame (51)
 j - a wand of iceblast (8)
 q - a wand of polymorph (14)
Scrolls
 c - a scroll of immolation
 i - a scroll of fog
 r - a scroll of summoning
 s - 3 scrolls of identify
Potions
 d - a potion of heal wounds
 k - a potion of berserk rage {unknown}
 l - a potion of flight {unknown}
 n - 2 potions of curing
 p - a potion of might {unknown}
 t - a potion of invisibility {unknown}
 u - 2 potions of magic {unknown}


   Skills:
 - Level 4.0 Fighting
 * Level 12.5 Maces & Flails
 - Level 2.6 Dodging


You had 8 spell levels left.
You didn't know any spells.
Your spell library was empty.

Dungeon Overview and Level Annotations

Branches:
Dungeon (8/15)             Temple (1/1) D:5          Bailey (visited)
   Lair: D:8-11

Altars:
Cheibriados
Dithmenos
Fedhas
Hepliaklqana
Okawaru
Vehumet
Yredelemnul

Shops:
D:5 !?

Annotations:
D:3 3 runed translucent doors, CuBeRJAN3's ghost, weakling HOFi
D:8 Erica


Innate Abilities, Weirdness & Mutations

You are too large for most types of armour.
You have tough skin. (AC +1)


Message History

You kill the killer bee!
Trog accepts your kill. The killer bee barely misses you.
Erica hits you with a +3 scimitar of flaming!
Erica burns you.
Unknown command.
You barely miss Erica.
You feel sick.
You whack Erica!
Erica is poisoned.
Erica is lightly wounded.
The killer bee stings you.
You closely miss Erica.
Erica is lightly wounded.
You feel sick.
Erica hits you with a +3 scimitar of flaming!
* * * LOW HITPOINT WARNING * * *
Erica burns you.
* * * LOW HITPOINT WARNING * * *
You barely miss the killer bee. The killer bee stings you.
* * * LOW HITPOINT WARNING * * *
You miss the killer bee. The killer bee misses you.
Unknown command.
You whack the killer bee!
The killer bee is poisoned.
The killer bee is severely wounded.
You feel sick.
Unknown command.
You whack the killer bee!
You kill the killer bee!
Trog accepts your kill. Erica barely misses you.
Unknown command.
You barely miss Erica.
Erica is moderately wounded.
You whack Erica!
Erica looks as sick as possible!
Erica is heavily wounded.
You feel sick.
You whack Erica!
Erica is heavily wounded.
Erica casts a spell at you. The lance of force hits you!!
You die...

# ####.# ## #....#
...≈≈..≈...
.###.##.#### ....≈≈
.≈≈ ...........####
≈≈≈.. ..≈
####.####.#...#
##... ... # #.#
#..##.......##.#
#.#
##..######..#..####
#.# ##..#
###.?....... #.#
##.###@†.........
#.#
#...#.@####..!..
#.# ###....# (..
#....## . .
#.......# ##
#..#........
#....###.### #^#.##
.# .... .#


You could see Erica (extremely poisoned).

Vanquished Creatures
  Pikel (D:4)
  Maggie (D:7)
  Prince Ribbit (D:7)
  Grinder (D:5)
  A wyvern (D:7)
  A steam dragon (D:7)
  Edmund (D:6)
  A water moccasin (D:7)
  An orc warrior (D:6)
  A necrophage (D:7)
  An ogre (D:7)
  A lemure (D:4)
  A phantom (D:4)
  2 bullfrogs
  A gnoll sergeant (D:8)
  A scorpion (D:4)
  2 water moccasin skeletons
  3 killer bees (D:8)
  A howler monkey (D:8)
  3 hounds
  A jelly (D:4)
  2 bullfrog skeletons
  3 orc priests
  2 centaur skeletons (D:7)
  3 iguanas
  A scorpion zombie (D:5)
  6 orc wizards
  A hound skeleton (D:4)
  7 gnolls
  8 adders
  A white imp (D:7)
  An ufetubus (D:5)
  An adder skeleton (D:5)
  4 dart slugs
  15 orcs
  4 endoplasms
  A giant cockroach (D:4)
  3 hobgoblins
  9 jackals
  A quokka (D:4)
  5 ball pythons
  2 bats
  A frilled lizard (D:2)
  4 kobolds
  5 rats
117 creatures vanquished.

Notes
Turn   | Place    | Note
-------+----------+-------------------------------------------
     0 | D:1      | Kinoniko the Ogre Berserker began the quest for the Orb.
     0 | D:1      | Reached XP level 1. HP: 24/24 MP: 1/1
   156 | D:1      | Reached skill level 3 in Maces & Flails
   159 | D:1      | Reached XP level 2. HP: 29/32 MP: 2/2
   865 | D:2      | Reached XP level 3. HP: 39/39 MP: 3/3
  1185 | D:2      | Reached skill level 4 in Maces & Flails
  1310 | D:2      | Found a faded altar of an unknown god.
  1335 | D:3      | Found a runed translucent gate.
  1336 | D:3      | Found a runed translucent gate.
  1336 | D:3      | Found a runed translucent gate.
  1339 | D:3      | Noticed CuBeRJAN3's ghost (weakling HOFi)
  1677 | D:3      | Reached ** piety under Trog
  1730 | D:3      | Reached XP level 4. HP: 46/48 MP: 4/4
  2204 | D:4      | Noticed a phantom
  2214 | D:4      | Killed a phantom
  2215 | D:4      | Reached skill level 5 in Maces & Flails
  2215 | D:4      | Reached XP level 5. HP: 54/54 MP: 5/5
  2468 | D:4      | Noticed Pikel
  2468 | D:4      | Noticed a lemure
  2468 | D:4      | Noticed a lemure
  2468 | D:4      | Noticed a lemure
  2469 | D:4      | Noticed a lemure
  2477 | D:4      | Killed a lemure
  2485 | D:4      | Killed Pikel
  2486 | D:4      | Reached skill level 7 in Maces & Flails
  2486 | D:4      | Reached XP level 6. HP: 42/62 MP: 6/6
  2486 | D:4      | Reached XP level 7. HP: 48/70 MP: 7/7
  3121 | D:4      | Reached skill level 8 in Maces & Flails
  3240 | D:4      | Found a basalt altar of Yredelemnul.
  3353 | D:5      | Entered Level 5 of the Dungeon
  3353 | D:5      | Found a radiant altar of Vehumet.
  3353 | D:5      | Found Zocomoe's Distillery.
  3353 | D:5      | Found Qitelom's Magic Scroll Emporium.
  3487 | D:5      | Bought 3 potions of curing for 117 gold pieces
  3536 | D:5      | Found a staircase to the Ecumenical Temple.
  3543 | D:5      | Noticed Grinder
  3559 | Temple   | Entered the Ecumenical Temple
  3874 | D:5      | Killed Grinder
  3875 | D:5      | Reached XP level 8. HP: 78/78 MP: 8/8
  3982 | D:5      | Reached skill level 9 in Maces & Flails
  5112 | D:6      | Noticed Edmund
  5119 | D:6      | Killed Edmund
  5285 | D:6      | Reached skill level 10 in Maces & Flails
  5775 | D:6      | Reached XP level 9. HP: 74/84 MP: 9/9
  6076 | D:7      | Found a flagged portal.
  6085 | Bailey   | Entered a bailey
  6106 | Bailey   | Reached skill level 11 in Maces & Flails
  7342 | D:7      | Reached *** piety under Trog
  7349 | D:7      | Found a snail-covered altar of Cheibriados.
  7626 | D:7      | Noticed Maggie
  7628 | D:7      | Found a blossoming altar of Fedhas.
  7643 | D:7      | Killed Maggie
  7758 | D:7      | Noticed Prince Ribbit
  7770 | D:7      | Reached skill level 12 in Maces & Flails
  7794 | D:7      | Killed Prince Ribbit
  8102 | D:8      | Noticed Erica
  8126 | D:8      | Killed from afar by Erica

Illustrated notes

Levels and vault maps discovered:
D:1:      sevenhm_arrival_forest_fort_small_6, layout_rooms
D:2:      layout_loops_ring, shapermc_ecumenical_altar_hornbeckon, hex_tiny,
          serial_bayou_pond_d
D:3:      layout_basic, gammafunk_ghost_split
D:4:      layout_loops_cross, kennysheep_little_box, uniq_pikel
D:5:      layout_rooms, lemuel_doored_altar, minmay_temple_entry_tees,
          serial_shops, shop, shop_statue, uniq_grinder
D:6:      layout_basic, uniq_edmund
D:7:      layout_basic, fedhas_altar_3, lemuel_round_altar, enter_bailey_2,
          hangedman_abyss_or_decor_stagger, uniq_prince_ribbit1, uniq_maggie
D:8:      layout_rooms, nicolae_uskayaw_suspiria,
          nicolae_overflow_crystal_walls, chequers_ossuary_entry_cave,
          uniq_erica
Temple:   lightli_temple_of_artemis

Skill      XL: |  1  2  3  4  5  6  7  8  9 |
---------------+----------------------------+-----
Maces & Flails | 3 4 5 7 8 10 12 | 12.5
Fighting       | |  4.0
Dodging        | |  2.6

Action                   |  1- 3 |  4- 6 |  7- 9 || total
-------------------------+-------+-------+-------++-------
Melee: Mace              |    89 |    39 |       ||   128
       Whip              |       |       |   374 ||   374
Invok: Berserk           |       |     2 |    16 ||    18
       Trog's Hand       |       |       |     1 ||     1
  Use: Scroll            |       |       |    13 ||    13
       Potion            |       |       |     2 ||     2
 Stab: Sleeping          |       |     1 |       ||     1
Armor: Animal skin       |    36 |     7 |    52 ||    95
       Steam dragon scal |       |       |     8 ||     8
Dodge: Dodged            |    53 |     7 |   116 ||   176
